 Dungeon Sprint DCSS version 0.30-a0-354-g6b83867211 (webtiles) character file.

Game seed: 10125595062115115829

1558 mhtbhm the Protected (level 8, -4/83 HPs)
             Began as an Armataur Fighter on Nov 7, 2022.
             Was an Initiate of Gozag.
             Slain by a catoblepas (30 damage)
             ... in the Dungeon (Sprint IX: "|||||||||||||||||||||||||||||").
             The game lasted 00:01:18 (333 turns).

mhtbhm the Protected (Armataur Fighter)              Turns: 333, Time: 00:01:22

Health: -4/83      AC: 11    Str: 24    XL:     8   Next: 58%
Magic:  8/8        EV:  9    Int: 12    God:    Gozag
Gold:   126        SH:  6    Dex: 12    Spells: 7/7 levels left

rFire   . . .      SeeInvis .    a - +0 flail
rCold   . . .      Faith    .    c - +0 buckler
rNeg    . . .      Spirit   .    b - +2 ring mail
rPois   .          Reflect  .    m - +0 helmet
rElec   .          Harm     .    (no cloak)
rCorr   .          Roll     +    (no gloves)
Will    .....      NoTele   +    (no barding)
Stlth   +.........               (no amulet)
HPRegen 0.33/turn                n - +3 ring of intelligence
MPRegen 0.11/turn                o - +3 ring of dexterity

@: mighty, gold aura, invisible
A: large, rugged brown scales 3, deformed body, armoured tail, roll, long
tongue, awkward tongue
a: Renounce Religion, Potion Petition, Call Merchant, Bribe Branch


You were in the Dungeon.
You worshipped Gozag.
Gozag was aware of your devotion.
You visited 1 branch You collected 126 gold pieces.

Inventory:

Hand Weapons
 a - a +0 flail (weapon)
Armour
 b - a +2 ring mail (worn)
 c - a +0 buckler (worn)
 m - a +0 helmet (worn)
Jewellery
 n - a +3 ring of intelligence (left hand)
 o - a +3 ring of dexterity (right hand)
Wands
 l - a wand of roots (10)
Scrolls
 j - 2 scrolls of blinking
 k - 2 scrolls of amnesia
Potions
 e - 5 potions of curing
 f - 2 potions of heal wounds
 g - a potion of haste
 h - 4 potions of magic


   Skills:
 + Level 9.4 Fighting
 + Level 10.3 Maces & Flails
 + Level 11.6 Armour
 + Level 3.0 Dodging
 + Level 1.7 Stealth
 + Level 8.6 Shields


You had 7 spell levels left.
You didn't know any spells.
Your spell library was empty.

Dungeon Overview and Level Annotations

Branches:
Dungeon (1/1)

Altars:
Cheibriados
Dithmenos
Elyvilon
Fedhas
Gozag
Hepliaklqana
Kikubaaqudgha
Makhleb
Nemelex Xobeh
Okawaru
Qazlal
Ru
Sif Muna
Trog
Uskayaw
Vehumet
Wu Jian
Xom
Yredelemnul
Zin
The Shining One
Jiyva
Lugonu


Innate Abilities, Weirdness & Mutations

You are completely covered in rugged brown scales. (AC +3, +7% HP)
Armour fits poorly on your strangely shaped body.
You have a long armoured tail.
You roll when moving toward enemies. (Rampage)
Your long tongue fully drains potion bottles. (2x potion effects)
Your tongue gives you trouble enunciating. (1.5x scroll delay)


Message History

The vampire mosquito buzzes angrily.
The centaur warrior hits you but does no damage.
You block the centaur warrior's attack. The centaur warrior hits you!
* * * LOW HITPOINT WARNING * * *
The centaur warrior kicks you but does no damage.
The catoblepas bellows!
You thump the centaur warrior! You tail-slap the centaur warrior!!
The centaur warrior is almost dead.
The vampire mosquito buzzes angrily.
The centaur warrior barely misses you. You block the centaur warrior's attack.
You sock the centaur warrior!
You kill the centaur warrior!
Your Fighting skill increases to level 9!
Your Maces & Flails skill increases to level 10!
Your Armour skill increases to level 11!
Your Dodging skill increases to level 3!
Your Stealth skill increases to level 1!
You have reached level 8!
You feel clever.
Unknown command.
You roll towards the blink frog!
You closely miss the blink frog. The blink frog barely misses you.
You bludgeon the blink frog!!
The blink frog is heavily wounded.
The catoblepas bellows!
You completely miss the catoblepas.
The vampire mosquito buzzes angrily.
You sock the catoblepas!
The catoblepas is lightly wounded.
The blink frog is distracted by your dazzling golden aura.
The cyclops throws a large rock.
The large rock closely misses the blink frog.
The large rock hits the catoblepas!
You bludgeon the catoblepas!! You tail-slap the catoblepas!
The catoblepas is severely wounded.
The vampire mosquito buzzes angrily.
The vampire mosquito is distracted by your dazzling golden aura.
The catoblepas gores you!!
You die...
Your body crumbles into a pile of gold. $$$$ $ $ $ $$$$$ $ $ ▓▓▓▓▓▓▓▓▓▓▓▓▓▓▓▓▓▓▓▓▓▓▓▓ ..).[[...$$.....@YFCyc.+ ▓▓▓▓▓▓▓▓▓▓▓▓▓▓▓▓▓▓▓▓▓▓▓▓

You could see a catoblepas (unable to see you), a centaur warrior (unable to see you), a cyclops (unable to see you), a blink frog (unable to see you) and a vampire mosquito (wandering, unable to see you).

Vanquished Creatures
  A centaur warrior (D)
  2 trolls (D)
  A vampire mosquito (D)
  A steam dragon (D)
  An orc warrior (D)
  2 scorpions (D)
  A wight (D)
  A gnoll (D)
  A shadow imp (D)
  An ufetubus (D)
  A bat (D)
  An endoplasm (D)
  A giant cockroach (D)
  A quokka (D)
  A ball python (D)
17 creatures vanquished.

Notes
Turn   | Place    | Note
-------+----------+-------------------------------------------
     0 | D        | mhtbhm the Armataur Fighter began the quest for the Orb.
     0 | D        | Reached XP level 1. HP: 19/19 MP: 1/1
     7 | D        | Reached skill level 4 in Armour
    42 | D        | Noticed a scorpion
    42 | D        | Noticed a scorpion
    49 | D        | Reached XP level 2. HP: 27/27 MP: 2/2
    50 | D        | Reached skill level 5 in Armour
    54 | D        | Killed a scorpion
    55 | D        | Reached skill level 6 in Armour
    55 | D        | Reached skill level 5 in Shields
    55 | D        | Reached XP level 3. HP: 30/37 MP: 3/3
    55 | D        | Reached XP level 4. HP: 35/43 MP: 4/4
    59 | D        | Killed a scorpion
    60 | D        | Reached skill level 5 in Fighting
    60 | D        | Reached skill level 7 in Armour
    60 | D        | Reached XP level 5. HP: 22/52 MP: 5/5
   222 | D        | Found a snail-covered altar of Cheibriados.
   222 | D        | Found a shadowy altar of Dithmenos.
   222 | D        | Found a white marble altar of Elyvilon.
   222 | D        | Found a blossoming altar of Fedhas.
   222 | D        | Found an opulent altar of Gozag.
   223 | D        | Found a hazy altar of Hepliaklqana.
   224 | D        | Found a viscous altar of Jiyva.
   225 | D        | Found an ancient bone altar of Kikubaaqudgha.
   226 | D        | Found a corrupted altar of Lugonu.
   227 | D        | Found a burning altar of Makhleb.
   228 | D        | Found a sparkling altar of Nemelex Xobeh.
   229 | D        | Found an iron altar of Okawaru.
   230 | D        | Found a stormy altar of Qazlal.
   231 | D        | Found a sacrificial altar of Ru.
   234 | D        | Became a worshipper of Gozag Ym Sagoz the Greedy
   237 | D        | Found a shimmering blue altar of Sif Muna.
   238 | D        | Found a bloodstained altar of Trog.
   239 | D        | Found a hide-covered altar of Uskayaw.
   240 | D        | Found a radiant altar of Vehumet.
   241 | D        | Found an ornate altar of the Wu Jian Council.
   242 | D        | Found a shimmering altar of Xom.
   243 | D        | Found a basalt altar of Yredelemnul.
   244 | D        | Found a glowing silver altar of Zin.
   245 | D        | Found a glowing golden altar of the Shining One.
   292 | D        | Noticed a vampire mosquito
   292 | D        | Noticed an orc warrior
   292 | D        | Noticed a troll
   292 | D        | Noticed a steam dragon
   292 | D        | Noticed a troll
   297 | D        | Killed a vampire mosquito
   298 | D        | Reached skill level 5 in Maces & Flails
   298 | D        | Reached skill level 8 in Armour
   298 | D        | Reached XP level 6. HP: 52/62 MP: 6/6
   300 | D        | Killed an orc warrior
   301 | D        | Reached skill level 9 in Armour
   301 | D        | Reached skill level 1 in Dodging
   304 | D        | Killed a troll
   305 | D        | Reached skill level 10 in Armour
   305 | D        | Reached XP level 7. HP: 37/71 MP: 7/7
   308 | D        | Killed a steam dragon
   316 | D        | Killed a troll
   322 | D        | Noticed a centaur warrior
   322 | D        | Noticed a blink frog
   322 | D        | Noticed a catoblepas
   322 | D        | Noticed a cyclops
   322 | D        | Noticed a vampire mosquito
   322 | D        | Noticed a centaur warrior
   328 | D        | Killed a centaur warrior
   329 | D        | Reached skill level 10 in Maces & Flails
   329 | D        | Reached skill level 11 in Armour
   329 | D        | Reached skill level 1 in Stealth
   329 | D        | Reached XP level 8. HP: 24/83 MP: 8/8
   333 | D        | Slain by a catoblepas

Illustrated notes

Levels and vault maps discovered:
D:        linesprint [early_d, line_temple, items_1, d_10, items_2, lair_1,
          lair_end, items_3, orc_1, orc_end, items_4, d_15, swamp_1, shoals_1,
          snake_1, spider_1, d_20, vaults_1, items_5, swamp_end, shoals_end,
          snake_end, spider_end, vaults_end, d_27, items_6, zot_1, zot_end,
          crypt_end, forest_end, elf_end, slime_end, tomb_end, abyss_end,
          pan_hell_end]

Skill      XL: |  1  2  3  4  5  6  7 |
---------------+----------------------+-----
Fighting       | 3 4 5 6 7 9 |  9.4
Armour         | 4 6 7 8 10 11 | 11.6
Maces & Flails | 2 3 4 5 7 10 | 10.3
Shields        | 4 5 6 7 8 |  8.6
Dodging        | 1 3 |  3.0
Stealth        | 1 |  1.7

Action                   |  1- 3 |  4- 6 |  7- 9 || total
-------------------------+-------+-------+-------++-------
Melee: Flail             |    20 |    19 |    21 ||    60
       Tailslap          |     3 |     1 |     4 ||     8
  Use: Potion            |     1 |     2 |     1 ||     4
 Stab: Invisible         |       |       |     1 ||     1
Armor: Scale mail        |     9 |     3 |       ||    12
       Ring mail         |       |     7 |     8 ||    15
Dodge: Dodged            |     4 |    10 |    14 ||    28
Block: Buckler           |     1 |     2 |     6 ||     9

Table legend: (Time is in decaauts)
 A = Elapsed time spent in this place.
 B = Non-inter-level travel time spent in this place.
 C = Inter-level travel time spent in this place.
 D = Time resting spent in this place.
 E = Time spent auto-exploring this place.
 F = Levels seen in this place.
 G = Mean time per level.
                   A        B        C        D        E       F      G
               +--------+--------+--------+--------+--------+-----+--------+
         Total |    342 |    342 |      0 |    176 |      3 |   1 |  342.0 |
       Dungeon |    342 |    342 |      0 |    176 |      3 |   1 |  342.0 |
               +--------+--------+--------+--------+--------+-----+--------+

Top non-repeatable levels by time:
       D: 342 daAuts
